 Dungeon Crawl Stone Soup version 0.29.1-13-g9f3cf754e1 (webtiles) character file.

Game seed: 17385710786182737265

13366 cowcol the Severer (level 11, -8/84 HPs)
             Began as a Minotaur Monk on Feb 4, 2023.
             Was an Elder of Hepliaklqana.
             Mangled by Snorg (20 damage)
             ... on level 11 of the Dungeon.
             The game lasted 00:42:12 (14519 turns).

cowcol the Severer (Minotaur Monk)                 Turns: 14519, Time: 00:42:13

Health: -8/84      AC: 21    Str: 19    XL:     11   Next: 74%
Magic:  0/10       EV:  6    Int:  7    God:    Hepliaklqana [****..]
Gold:   667        SH:  9    Dex: 14    Spells: 10/10 levels left

rFire   . . .      SeeInvis .   p - +0 war axe
rCold   . . .      Faith    .   Q - +0 kite shield
rNeg    . . .      Spirit   +   O - +0 plate armour
rPois   +          Reflect  .   f - +0 hat
rElec   .          Harm     .   (no cloak)
rCorr   .          Rampage  .   X - +0 pair of gloves
Will    +....                   P - +2 pair of boots
Stlth   ..........              l - amulet of guardian spirit
HPRegen 0.24/turn               d - ring of willpower
MPRegen 0.12/turn               J - ring of poison resistance

@: no status effects
A: reduced essence, horns 2, retaliatory headbutt
a: Renounce Religion, Recall Ancestor, Ancestor Identity, Transference, Idealise


You were on level 11 of the Dungeon.
You worshipped Hepliaklqana.
Hepliaklqana was greatly pleased with you.
You visited 2 branches of the dungeon, and saw 12 of its levels.

You collected 667 gold pieces.

Inventory:

Hand Weapons
 a - a +4 dire flail of freezing
 j - a +0 short sword
 p - a +0 war axe (weapon)
 q - a +1 dagger of flaming
 L - a +0 falchion
 U - a +3 halberd of freezing
 V - a +0 battleaxe
 Z - a +0 great mace
Missiles
 G - 35 poisoned darts (quivered)
Armour
 f - a +0 hat (worn)
 k - +0 steam dragon scales
 x - a +0 troll leather armour
 B - a +0 chain mail
 K - a +0 pair of boots
 O - a +0 plate armour (worn)
 P - a +2 pair of boots (worn)
 Q - a +0 kite shield (worn)
 X - a +0 pair of gloves (worn)
Jewellery
 d - a ring of willpower (left hand)
 e - an amulet of the acrobat
 l - an amulet of guardian spirit (around neck)
 u - a ring of fire
 z - a ring of willpower
 A - a ring of ice
 I - a ring of positive energy
 J - a ring of poison resistance (right hand)
 M - a ring of protection from cold
Wands
 m - a wand of acid (4)
 D - a wand of roots (6)
 W - a wand of polymorph (5)
Scrolls
 c - a scroll of enchant armour {unknown}
 i - 5 scrolls of enchant weapon
 o - 4 scrolls of poison
 t - a scroll of summoning
 w - 5 scrolls of teleportation
 C - 4 scrolls of butterflies
 H - a scroll of magic mapping {unknown}
 N - a scroll of brand weapon {unknown}
 T - a scroll of vulnerability {unknown}
Potions
 b - a potion of resistance {unknown}
 g - a potion of cancellation {unknown}
 h - a potion of berserk rage {unknown}
 n - a potion of invisibility
 r - a potion of brilliance
 s - 2 potions of lignification
 v - a potion of degeneration {unknown}
 E - a potion of magic
 F - a potion of mutation {unknown}
 R - 2 potions of ambrosia
 S - a potion of curing


   Skills:
 + Level 7.8 Fighting
 * Level 15.8 Axes
 - Level 3.1 Throwing
 * Level 13.3 Armour
 - Level 3.6 Dodging
 - Level 1.8 Stealth
 * Level 3.6 Shields
 + Level 1.3 Evocations


You had 10 spell levels left.
You didn't know any spells.
Your spell library contained the following spells:

 Spells                   Type           Power      Damage    Failure   Level
 Apportation              Tloc           0%         N/A       100%        1
 Magic Dart               Conj           0%         1d3       100%        1
 Necrotise                Necr           0%         1d4       100%        1
 Sandblast                Erth           0%         2d4       100%        1
 Summon Small Mammal      Summ           0%         N/A       100%        1
 Call Imp                 Summ           0%         N/A       100%        2
 Passwall                 Tmut/Erth      0%         N/A       100%        2
 Mephitic Cloud           Conj/Pois/Air  0%         N/A       100%        3
 Stone Arrow              Conj/Erth      0%         3d7       100%        3
 Summon Forest            Summ/Tloc      0%         N/A       100%        5
 Summon Mana Viper        Hex/Summ       0%         N/A       100%        5
 Dispersal                Tloc           0%         N/A       100%        6
 Summon Cactus Giant      Summ           0%         N/A       100%        6
 Disjunction              Tloc           0%         N/A       100%        8


Dungeon Overview and Level Annotations

Branches:
Dungeon (11/15)            Temple (1/1) D:6            Lair (0/5) D:9
    Orc (0/2) D:10

Altars:
Ashenzari
Cheibriados
Dithmenos
Elyvilon
Fedhas
Gozag
Hepliaklqana
Kikubaaqudgha
Makhleb
Nemelex Xobeh
Okawaru
Qazlal
Ru
Sif Muna
Trog
Uskayaw
Vehumet
Wu Jian
Xom
Yredelemnul
Zin
The Shining One

Shops:
D:9 *

Annotations:
D:11 Snorg


Innate Abilities, Weirdness & Mutations

Your life essence is reduced to manifest your ancestor. (-10% HP)
You have a pair of horns on your head.
You reflexively headbutt those who attack you in melee.


Message History

Snorg barely misses you. Snorg claws you but does no damage.
Snorg goes berserk!
Throw: 36 darts (poison)
Press: ? - help, Q - select action, (/) - cycle Shift-Dir - straight line, f/p - Snorg
Aim: Snorg (heavily wounded, berserk, very poisoned, 63% to hit)
You throw a poisoned dart. The poisoned dart barely misses Snorg.
Unknown command.
You hit Snorg. Your headbutt misses Snorg.
Snorg is heavily wounded.
Snorg barely misses you. Snorg claws you. You block Snorg's attack.
Snorg bites you. You block Snorg's attack. Snorg claws you!
You slash Snorg!
Snorg is heavily wounded.
You block Snorg's attack. Snorg claws you but does no damage. Snorg claws you!
You hit Snorg.
Snorg is heavily wounded.
You block Snorg's attack. Snorg claws you! Snorg claws you but does no damage.
You hit Snorg. Your headbutt misses Snorg.
Snorg is heavily wounded.
Snorg bites you but does no damage. Snorg claws you but does no damage. x2
Snorg barely misses you. Snorg claws you but does no damage. x2
You feel much better. Snorg bites you but does no damage. Snorg claws you!
You block Snorg's attack.
You slash Snorg!
Snorg is severely wounded.
You block Snorg's attack. x2; Snorg claws you but does no damage.
Snorg barely misses you. You furiously retaliate!
You headbutt Snorg! Snorg claws you but does no damage. Snorg claws you!
You slash Snorg! Your headbutt misses Snorg.
Snorg is severely wounded.
You block Snorg's attack. x2; Snorg closely misses you.
You hit Snorg. You headbutt Snorg!
Snorg is almost dead.
Snorg bites you but does no damage. Snorg claws you but does no damage. x2
You barely miss Snorg. Your headbutt misses Snorg.
Snorg is almost dead.
Snorg bites you! Snorg claws you but does no damage. Snorg claws you!
* * * LOW HITPOINT WARNING * * *
Snorg bites you!!
You die...

#.####.##
#......(# #..#
#..#
#.#########..#
#....)..(o...#
#.##########o#
#T# #@# #)#
#.#
##########.#
#.....<....#
#.##########


You could see Snorg (berserk, poisoned) and an orc.

Vanquished Creatures
  Gastronok (D:8)
  3 two-headed ogres
  A cyclops (D:8)
  A manticore (D:10)
  A hornet (D:9)
  Grinder (D:4)
  5 yaks
  Eustachio (D:4)
  Menkaure (D:4)
  An acid dragon (D:9)
  A water moccasin (D:5)
  2 orc warriors
  An ice beast (D:6)
  An ogre (D:4)
  A phantom (D:5)
  Blork the orc (D:5)
  2 kobold brigands (D:10)
  2 necrophages
  3 bullfrogs
  3 scorpions
  3 wights
  2 killer bees (D:8)
  An electric eel (D:8)
  A centaur zombie (D:7)
  2 hounds
  A gnoll bouda (D:7)
  An iguana (D:6)
  2 orc wizards
  Natasha (thrice) (D:3)
  7 adders
  8 gnolls
  A shadow imp (D:5)
  A white imp (D:8)
  3 dart slugs
  13 orcs
  7 endoplasms
  3 giant cockroaches
  9 goblins
  4 hobgoblins
  6 jackals
  9 kobolds
  3 quokkas
  7 ball pythons
  A bat (D:1)
  A frilled lizard (D:1)
  3 rats
135 creatures vanquished.

Vanquished Creatures (collateral kills)
  A gargoyle (D:9)
  A komodo dragon (D:8)
  A kobold demonologist (D:10)
  A troll (D:10)
  2 wraiths
  8 yaks
  2 wyverns
  3 steam dragons
  A water moccasin (D:8)
  2 ice beasts
  An orc warrior (D:10)
  2 black bears (D:7)
  An ogre (D:10)
  5 centaurs
  4 kobold brigands
  3 bullfrogs (D:8)
  4 gnoll sergeants
  A scorpion (D:7)
  16 wights
  3 killer bees (D:8)
  3 howler monkeys (D:10)
  A centaur zombie (D:7)
  An orc priest (D:8)
  2 jellies (D:8)
  4 orc wizards
  10 gnolls
  16 orcs
  5 kobolds
104 creatures vanquished.

Vanquished Creatures (others)
  8 knights
  26 plants
34 creatures vanquished.

Grand Total: 273 creatures vanquished

Notes
Turn   | Place    | Note
-------+----------+-------------------------------------------
     0 | D:1      | cowcol the Minotaur Monk began the quest for the Orb.
     0 | D:1      | Reached XP level 1. HP: 19/19 MP: 0/0
   455 | D:1      | Reached XP level 2. HP: 23/27 MP: 1/1
   595 | D:1      | Found a faded altar of an unknown god.
   899 | D:1      | Reached skill level 4 in Axes
   936 | D:2      | Found a stormy altar of Qazlal.
  1273 | D:2      | Reached XP level 3. HP: 32/33 MP: 2/2
  1644 | D:2      | Reached skill level 1 in Armour
  2136 | D:3      | Noticed Natasha
  2139 | D:3      | Reached XP level 4. HP: 40/40 MP: 3/3
  2144 | D:3      | Killed Natasha
  2145 | D:3      | Reached skill level 5 in Axes
  2311 | D:3      | Found a burning altar of Makhleb.
  2350 | D:3      | Found a broken altar of Ashenzari.
  2633 | D:3      | Noticed Natasha
  2637 | D:3      | Killed Natasha
  2638 | D:3      | Reached XP level 5. HP: 42/47 MP: 4/4
  2689 | D:3      | Noticed Natasha
  2698 | D:3      | Killed Natasha
  2891 | D:4      | Found a stormy altar of Qazlal.
  2951 | D:4      | Noticed Grinder
  2960 | D:4      | Killed Grinder
  2961 | D:4      | Reached skill level 6 in Axes
  2961 | D:4      | Reached XP level 6. HP: 35/53 MP: 5/5
  3527 | D:4      | Noticed Eustachio
  3547 | D:4      | Killed Eustachio
  3548 | D:4      | Reached skill level 7 in Axes
  3548 | D:4      | Reached XP level 7. HP: 52/60 MP: 6/6
  4056 | D:4      | Noticed Menkaure
  4065 | D:4      | Killed Menkaure
  4066 | D:4      | Reached skill level 5 in Fighting
  4066 | D:4      | Reached skill level 5 in Armour
  4235 | D:4      | Found a snail-covered altar of Cheibriados.
  4360 | D:5      | Entered Level 5 of the Dungeon
  4669 | D:5      | Noticed Blork the orc
  4678 | D:5      | Killed Blork the orc
  4679 | D:5      | Reached skill level 8 in Axes
  4679 | D:5      | Reached skill level 1 in Throwing
  5682 | D:5      | Reached XP level 8. HP: 57/68 MP: 7/7
  5772 | D:5      | Reached skill level 9 in Axes
  6433 | D:6      | Found a staircase to the Ecumenical Temple.
  6438 | Temple   | Entered the Ecumenical Temple
  6468 | Temple   | Became a worshipper of Hepliaklqana the Forgotten
  6468 | Temple   | Reached * piety under Hepliaklqana
  6468 | Temple   | Reached ** piety under Hepliaklqana
  6469 | Temple   | Remembered your ancestor Qinisela as a knight
  6650 | D:7      | Reached skill level 10 in Axes
  6805 | D:7      | Found a glowing silver altar of Zin.
  6842 | D:7      | Found a radiant altar of Vehumet.
  7107 | D:7      | Reached XP level 9. HP: 53/66 MP: 8/8
  7618 | D:7      | Reached skill level 11 in Axes
  7792 | D:7      | Found a basalt altar of Yredelemnul.
  7906 | D:7      | Found a glowing golden altar of the Shining One.
  8244 | D:8      | Noticed a cyclops
  8264 | D:8      | Killed a cyclops
  8265 | D:8      | Reached skill level 12 in Axes
  8389 | D:8      | Reached skill level 10 in Armour
  9074 | D:8      | Reached XP level 10. HP: 74/74 MP: 9/9
  9177 | D:8      | Reached skill level 1 in Evocations
  9185 | D:8      | Reached skill level 13 in Axes
  9230 | D:8      | Found an ornate altar of the Wu Jian Council.
  9588 | D:8      | Noticed Gastronok
  9623 | D:8      | Killed Gastronok
  9624 | D:8      | Reached skill level 14 in Axes
  9981 | D:8      | Reached skill level 1 in Shields
 10027 | D:8      | Found a shadowy altar of Dithmenos.
 10414 | D:9      | Reached *** piety under Hepliaklqana
 10453 | D:9      | Found an iron altar of Okawaru.
 10476 | D:9      | Noticed a two-headed ogre
 10486 | D:9      | Killed a two-headed ogre
 10487 | D:9      | Reached XP level 11. HP: 68/81 MP: 8/10
 10671 | D:9      | Found a shimmering blue altar of Sif Muna.
 11125 | D:8      | Reached skill level 15 in Axes
 11246 | D:9      | Noticed a two-headed ogre
 11254 | D:9      | Killed a two-headed ogre
 11302 | D:9      | Found a bloodstained altar of Trog.
 11386 | D:9      | Found Qeepext's General Store.
 11500 | D:9      | Found a staircase to the Lair.
 12409 | D:10     | Entered Level 10 of the Dungeon
 12409 | D:10     | Found a hide-covered altar of Uskayaw.
 13753 | D:10     | Found a staircase to the Orcish Mines.
 13801 | D:10     | Reached **** piety under Hepliaklqana
 14030 | D:10     | Found an ancient bone altar of Kikubaaqudgha.
 14458 | D:11     | Noticed a two-headed ogre
 14472 | D:11     | Killed a two-headed ogre
 14485 | D:11     | Noticed Snorg
 14519 | D:11     | Mangled by Snorg

Illustrated notes

Levels and vault maps discovered:
D:1:      shiori_arrival_oz, layout_basic, chequers_ecumenical_altar_simple
D:2:      layout_basic, basic_altar
D:3:      layout_loops_cross, cheibrodos_ashenzari_chains,
          lemuel_coloured_pillars_altar, uniq_natasha
D:4:      layout_gridville, mainiacjoe_overflow_alcove_1, amcnicky_altar_gilded,
          uniq_menkaure, uniq_grinder, uniq_eustachio
D:5:      layout_layer_cave, uniq_blork_the_orc
D:6:      layout_rooms, minmay_temple_entry_butterflies, grunt_ministairs_1
D:7:      layout_loops_ring, nicolae_tso_swordbearing_angel,
          mainiacjoe_overflow_catch_the_wave, lemuel_zombie_altar_yredelemnul,
          grunt_ministairs_11, minmay_crossroads
D:8:      nzn_winding_woodlands_small [nzn_winding_woodlands_5x15_twine,
          nzn_winding_woodlands_center_garden,
          nzn_winding_woodlands_5x15_river_crossing], layout_basic,
          general_overflow_altar, nicolae_dithmenos_through_a_glass_darkly,
          serial_curves, eino_curves_04, eino_curves_03, eino_curves_03,
          grunt_ministairs_5, uniq_gastronok
D:9:      layout_loops_ring, kennysheep_mini_moat, mainiacjoe_overflow_paths,
          overflow_temple_1_default, david_lair_shrubbed, serial_shops,
          shop_statue
D:10:     layout_loops_ring, mainiacjoe_overflow_alcove_4, lemuel_crystal_altar,
          kennysheep_orc_monster_closet_entryway, minmay_misc_feat_encased
D:11:     layout_loops_ring, ebering_ghost_gozag, uniq_snorg
Temple:   hellmonk_temple_two_chambers

Skill      XL: |  1  2  3  4  5  6  7  8  9 10 11 |
---------------+----------------------------------+-----
Fighting       | 4 5 6 7 |  7.8
Axes           | 4 5 6 7 8 10 12 14 15 | 15.8
Armour         | 1 2 3 4 6 8 10 11 13 | 13.3
Throwing       | 1 2 3 |  3.1
Evocations     | 1 |  1.3
Shields        | 2 3 |  3.6
Dodging        | |  3.6
Stealth        | |  1.8

Action                   |  1- 3 |  4- 6 |  7- 9 | 10-12 || total
-------------------------+-------+-------+-------+-------++-------
Melee: Hand axe          |    72 |       |       |       ||    72
       Headbutt          |     7 |    10 |    30 |    35 ||    82
       War axe           |    10 |    52 |   139 |   141 ||   342
       Punch             |       |     2 |       |       ||     2
Throw: Dart              |       |     7 |    14 |     3 ||    24
       Stone             |       |       |    10 |       ||    10
       Boomerang         |       |       |       |    19 ||    19
Invok: Ancestor Life: Kn |       |       |     1 |       ||     1
Evoke: Wand              |       |       |     5 |       ||     5
  Use: Potion            |     2 |     5 |     5 |     4 ||    16
       Scroll            |     3 |       |     5 |     2 ||    10
 Stab: Sleeping          |     2 |       |       |       ||     2
       Distracted        |       |       |     1 |       ||     1
Armor: Leather armour    |     3 |       |       |       ||     3
       Robe              |     1 |       |       |       ||     1
       Ring mail         |    14 |    19 |    14 |       ||    47
       Chain mail        |       |       |    39 |    63 ||   102
       Plate armour      |       |       |       |    17 ||    17
Dodge: Dodged            |    65 |    58 |    87 |    50 ||   260
Block: Kite shield       |       |       |       |    69 ||    69
